 Dungeon Crawl Stone Soup version 0.30-a0-360-g447f08457e (webtiles) character file.

Game seed: 935333203753198921

118 SunsangGolaxy the Chopper (level 5, -1/54 HPs)
             Began as an Ogre Gladiator on Nov 13, 2022.
             Succumbed to a kobold's poison
             ... on level 3 of the Dungeon.
             The game lasted 00:02:01 (2218 turns).

SunsangGolaxy the Chopper (Ogre Gladiator)          Turns: 2218, Time: 00:02:02

Health: -1/54      AC:  3    Str: 20    XL:     5   Next: 2%
Magic:  6/6        EV: 10    Int:  9    God:
Gold:   78         SH:  0    Dex: 10    Spells: 6/6 levels left

rFire   . . .      SeeInvis .    a - +0 war axe
rCold   . . .      Faith    .    (no shield)
rNeg    + . .      Spirit   .    b - +0 robe
rPois   .          Reflect  .    c - +0 hat
rElec   .          Harm     .    (no cloak)
rCorr   .          Rampage  .    (gloves unavailable)
Will    .....                    (boots unavailable)
Stlth   +.........               (no amulet)
HPRegen 0.29/turn                q - ring of positive energy
MPRegen 0.10/turn                (no ring)

@: lethally poisoned (-1 -> -14)
A: large, unfitting armour, tough skin 1
a: no special abilities


You were on level 3 of the Dungeon.
You visited 1 branch of the dungeon, and saw 3 of its levels.

You collected 78 gold pieces.

Inventory:

Hand Weapons
 a - a +0 war axe (weapon)
Missiles
 d - 3 throwing nets (quivered)
 e - a large rock
Armour
 b - a +0 robe (worn)
 c - a +0 hat (worn)
Jewellery
 q - a ring of positive energy (left hand)
Scrolls
 h - 2 scrolls of identify {unknown}
 j - 2 scrolls of enchant weapon {unknown}
 l - a scroll of magic mapping {unknown}
 m - a scroll of noise {unknown}
 n - a scroll of silence {unknown}
 p - a scroll of poison {unknown}
 r - a scroll of blinking {unknown}
Potions
 f - a potion of flight {unknown}
 g - a potion of cancellation {unknown}
 i - a potion of haste {unknown}
 k - a potion of resistance {unknown}
 o - a potion of might {unknown}
 s - a potion of ambrosia {unknown}


   Skills:
 * Level 3.7 Fighting
 + Level 4.2 Axes
 + Level 2.2 Throwing
 + Level 3.2 Dodging
 + Level 0.3 Stealth
 * Level 1.1 Spellcasting


You had 6 spell levels left.
You didn't know any spells.
Your spell library contained the following spells:

 Spells                   Type           Power      Damage    Failure   Level
 Sting                    Tmut/Pois      0%         1d3       36%         1


Dungeon Overview and Level Annotations

Branches:
Dungeon (3/15)

Altars:

Annotations:
D:3 Natasha


Innate Abilities, Weirdness & Mutations

You are too large for most types of armour.
You have tough skin. (AC +1)


Message History

The adder poisons you! The kobold hits you with a +0 whip.
The kobold barely misses you. The adder barely misses you.
You closely miss the adder. You miss the kobold. You barely miss the kobold.
You feel sick. The kobold hits you with a +0 whip.
The kobold hits you with a +1 dagger of venom.
You are more poisoned.
The adder barely misses you. The kobold hits you but does no damage.
You are more poisoned.
The kobold closely misses you.
You hit the adder.
The adder is heavily wounded.
You hit the kobold but do no damage. You closely miss the kobold.
You feel very sick. The adder closely misses you.
The kobold closely misses you.
The kobold hits you with a +1 dagger of venom.
You are lethally poisoned!
The adder bites you but does no damage.
You closely miss the adder.
The adder is heavily wounded.
You slash the kobold!
You kill the kobold!
You barely miss the kobold.
* * * LOW HITPOINT WARNING * * *
You feel extremely sick. The adder barely misses you.
The kobold hits you with a +0 whip.
* * * LOW HITPOINT WARNING * * *
Natasha, Servant of Life and Death comes into view.
She is carrying a wand of flame (18).
The adder bites you.
* * * LOW HITPOINT WARNING * * *
You barely miss the adder.
The adder is heavily wounded.
Natasha hisses angrily.
You hit the kobold.
You kill the kobold!
* * * LOW HITPOINT WARNING * * *
You feel very sick. The adder bites you but does no damage.
You slash the adder!
You kill the adder!
You die...

#..............
#.................
#...h.............
#.................
#.................
#.................
#.................
...................
##........)@.......
#.#######)#.......
#.##.# #....#.......
#.##.####.####.......
#.##.#.......########
####.#..#.......#
#.......#.......#
#...............#
#.......#.......#


You could see Natasha.

Vanquished Creatures
  A jelly (D:3)
  Natasha (D:3)
  2 adders
  An orc (D:2)
  4 endoplasms
  4 goblins
  7 hobgoblins
  6 jackals (D:1)
  3 quokkas
  5 ball pythons
  A bat (D:1)
  11 kobolds
  7 rats
53 creatures vanquished.

Notes
Turn   | Place    | Note
-------+----------+-------------------------------------------
     0 | D:1      | SunsangGolaxy the Ogre Gladiator began the quest for the
                  | Orb.
     0 | D:1      | Reached XP level 1. HP: 22/22 MP: 1/1
   202 | D:1      | Reached XP level 2. HP: 24/29 MP: 2/2
   620 | D:1      | Reached XP level 3. HP: 30/37 MP: 3/3
  1107 | D:2      | Found a faded altar of an unknown god.
  1113 | D:2      | Got Plato's Reference Book on Envenoming
  1754 | D:3      | Reached skill level 4 in Axes
  1754 | D:3      | Reached XP level 4. HP: 19/45 MP: 3/5
  1858 | D:3      | Noticed Natasha
  1871 | D:3      | Killed Natasha
  1872 | D:3      | Reached skill level 1 in Spellcasting
  2208 | D:3      | Reached XP level 5. HP: 52/54 MP: 6/6
  2216 | D:3      | Noticed Natasha
  2218 | D:3      | Succumbed to a kobold's poison

Illustrated notes

Levels and vault maps discovered:
D:1:      heliophobic_arrival_henge, layout_basic
D:2:      minmay_angry_zag, layout_basic, shapermc_ecumenical_altar_rom_forum
D:3:      layout_basic, uniq_grinder, uniq_natasha

Skill      XL: |  1  2  3  4 |
---------------+-------------+-----
Dodging        | 3 |  3.2
Fighting       | 3 |  3.7
Axes           | 4 |  4.2
Spellcasting   | 1 |  1.1
Throwing       | |  2.2
Stealth        | |  0.3

Action                   |  1- 3 |  4- 6 || total
-------------------------+-------+-------++-------
Melee: War axe           |   124 |    30 ||   154
       Punch             |     1 |       ||     1
 Stab: Sleeping          |     1 |       ||     1
Armor: Robe              |    35 |     8 ||    43
Dodge: Dodged            |    75 |    22 ||    97

Table legend: (Time is in decaauts)
 A = Elapsed time spent in this place.
 B = Non-inter-level travel time spent in this place.
 C = Inter-level travel time spent in this place.
 D = Time resting spent in this place.
 E = Time spent auto-exploring this place.
 F = Levels seen in this place.
 G = Mean time per level.
                   A        B        C        D        E       F      G
               +--------+--------+--------+--------+--------+-----+--------+
         Total |   2266 |   2216 |     50 |    404 |   1445 |   3 |  755.3 |
       Dungeon |   2266 |   2216 |     50 |    404 |   1445 |   3 |  755.3 |
               +--------+--------+--------+--------+--------+-----+--------+

Top non-repeatable levels by time:
     D:2: 956 daAuts
     D:1: 783 daAuts
     D:3: 526 daAuts
